 Dungeon Crawl Stone Soup version 0.29-a0-364-g921d912d32 (webtiles) character file.

Game seed: 15735357962864103413

87457 Querens the Eclecticist (level 15, -1/95 HPs)
             Began as a Deep Elf Conjurer on Apr 30, 2022.
             Was the Champion of Vehumet.
             Succumbed to a naga's splash of poison
             ... on level 1 of the Snake Pit.
             The game lasted 01:33:14 (11909 turns).

Querens the Eclecticist (Deep Elf Conjurer)        Turns: 11909, Time: 01:33:14

Health: -1/95      AC: 15    Str:  6    XL:     15   Next: 43%
Magic:  22/39      EV: 11    Int: 43    God:    Vehumet [******]
Gold:   2222       SH:  5    Dex: 13    Spells: 29/50 levels left

rFire   . . .      SeeInvis .   q - +9 mace of Compulsion {vorpal, rN++ Will- Str-2 Int+10}
rCold   . . .      Faith    .   s - +0 buckler
rNeg    + + .      Spirit   .   K - +4 troll leather armour
rPois   .          Reflect  .   N - +2 helmet
rElec   .          Harm     .   B - +0 cloak
rCorr   .          Rampage  .   n - +1 pair of gloves
Will    +....                   F - +0 pair of boots
Stlth   ++........              h - amulet of magic regeneration
HPRegen 1.05/turn               P - ring of willpower
MPRegen 0.66/turn               L - +6 ring of intelligence

@: lethally poisoned (-1 -> -60), studying Staves
A: no striking features
a: Renounce Religion


You were on level 1 of the Snake Pit.
You worshipped Vehumet.
Vehumet was exalted by your worship.
You visited 4 branches of the dungeon, and saw 21 of its levels.
You also visited: Sewer and Bailey.

You collected 2364 gold pieces.
You spent 142 gold pieces at shops.

Inventory:

Hand Weapons
 q - the +9 mace of Compulsion (weapon) {vorpal, rN++ Will- Str-2 Int+10}
   (You found it on level 2 of the Dungeon)

   It inflicts extra damage upon your enemies.
   Str:       It affects your strength (-2).
   Int:       It affects your intelligence (+10).
   rN:        It greatly protects you from negative energy.
   Will:      It decreases your willpower.
Armour
 f - a +2 robe of willpower
 m - a +1 hat of stealth
 n - a +1 pair of gloves (worn)
 s - a +0 buckler (worn)
 B - a +0 cloak (worn)
 F - a +0 pair of boots (worn)
 K - a +4 troll leather armour (worn)
 N - a +2 helmet (worn)
Magical Staves
 y - a staff of fire
Jewellery
 h - an amulet of magic regeneration (around neck)
 i - a ring of protection from fire
 L - a +6 ring of intelligence (right hand)
 O - a ring of flight
 P - a ring of willpower (left hand)
 R - a ring of ice
 S - a ring of protection from cold
 U - a ring of see invisible
 W - a ring of fire
 X - a ring of wizardry
 Y - a ring of wizardry
Wands
 E - a wand of iceblast (27)
 M - a wand of paralysis (9)
 T - a wand of digging (2)
 Z - a wand of flame (9)
Scrolls
 c - 10 scrolls of teleportation
 l - 6 scrolls of blinking
 p - a scroll of enchant armour
 r - 8 scrolls of fear
 t - 3 scrolls of silence
 z - 4 scrolls of immolation
 A - 3 scrolls of summoning
 H - 2 scrolls of enchant weapon {unknown}
 I - 4 scrolls of magic mapping {unknown}
 J - 4 scrolls of amnesia {unknown}
 Q - 5 scrolls of fog
Potions
 a - a potion of heal wounds
 b - a potion of magic
 d - 3 potions of berserk rage {unknown}
 e - a potion of flight {unknown}
 g - 6 potions of ambrosia
 j - 5 potions of curing
 k - 10 potions of mutation
 u - a potion of attraction {unknown}
 v - 6 potions of cancellation
 w - 6 potions of haste
 x - 2 potions of invisibility {unknown}
 C - 2 potions of brilliance {unknown}
 D - 2 potions of degeneration {unknown}
 G - 7 potions of might {unknown}


   Skills:
 + Level 11.5 Fighting
 - Level 2.4 Dodging
 - Level 2.4 Stealth
 - Level 5.0 Shields
 + Level 18.0 Spellcasting
 + Level 15.7 Conjurations
 - Level 12.0 Translocations
 + Level 9.3 Fire Magic


You had 29 spell levels left.
You knew the following spells:

 Your Spells              Type           Power      Damage    Failure   Level
a - Magic Dart            Conj           100%       1d8       0%          1
b - Searing Ray           Conj           100%       2d8       0%          2
c - Iskenderun's Mystic   Conj/Tloc      100%       2d19      1%          4
d - Fulminant Prism       Conj/Hex       41%        3d20      1%          4
e - Iskenderun's Battles  Conj           100%       2d15      1%          5
f - Fireball              Conj/Fire      49%        3d19      1%          5

Your spell library contained the following spells:

 Spells                   Type           Power      Damage    Failure   Level
 Lightning Bolt           Conj/Air       41%        1d60      1%          5
 Beastly Appendage        Tmut           76%        N/A       1%          1
 Pain                     Necr           100%       1d9       1%          1
 Slow                     Hex            100%       N/A       1%          1
 Ensorcelled Hibernation  Hex/Ice        76%        N/A       1%          2
 Wereblood                Tmut           38%        N/A       1%          2
 Dazzling Flash           Conj/Hex       100%       N/A       1%          3
 Dispersal                Tloc           48%        N/A       1%          6
 Iron Shot                Conj/Erth      41%        9d8       2%          6
 Ozocubu's Armour         Ice            38%        N/A       3%          3
 Spider Form              Tmut/Pois      38%        N/A       3%          3
 Olgreb's Toxic Radiance  Pois           38%        N/A       3%          4
 Spellforged Servitor     Conj/Summ      41%        N/A       12%         7
 Anguish                  Hex/Necr       19%        N/A       13%         4
 Animate Dead             Necr           19%        N/A       13%         4
 Cause Fear               Hex            19%        N/A       13%         4
 Leda's Liquefaction      Hex/Erth       19%        N/A       13%         4
 Summon Ice Beast         Ice/Summ       38%        N/A       13%         4
 Agony                    Necr           38%        N/A       34%         5
 Borgnjor's Vile Clutch   Necr/Erth      19%        N/A       34%         5
 Excruciating Wounds      Necr           19%        N/A       34%         5
 Summon Mana Viper        Hex/Summ       38%        N/A       34%         5
 Ignition                 Fire           43%        3d13      41%         8
 Disjunction              Tloc           48%        N/A       52%         8
 Death Channel            Necr           19%        N/A       89%         6
 Ozocubu's Refrigeration  Ice            19%        4d8       92%         7
 Monstrous Menagerie      Summ           19%        N/A       100%        7


Dungeon Overview and Level Annotations

Branches:
Dungeon (11/15)            Temple (0/1) D:7            Lair (6/6) D:8
  Swamp (0/4) Lair:2        Snake (2/4) Lair:3        Slime (0/5) Lair:5
    Orc (2/2) D:11            Elf (0/3) Orc:2         Sewer (visited)
 Bailey (visited)

Altars:
Gozag
Kikubaaqudgha
Makhleb
Qazlal
Ru
Vehumet
Wu Jian
Xom
Yredelemnul
Zin
Beogh
Jiyva

Shops:
Orc:1 *   Orc:2 [(=(

Portals:
Trove: D:10 (give 14 potions of curing)


Message History

The naga sharpshooter is moderately wounded.
You feel very sick.
You hear a shout!
You hear an angry hiss.
Your battlesphere fires!
The barrage of energy hits the naga!
You kill the naga!
Vehumet accepts your kill.
You feel your power returning. The black mamba bites you!
You are more poisoned.
The black mamba poisons you! The black mamba bites you.
You are more poisoned.
The black mamba poisons you! The naga spits poison at you.
The splash of poison misses you.
The splash of poison hits the black mamba.
Your Spellcasting skill increases to level 18!
Unknown command.
* * * LOW HITPOINT WARNING * * *
You feel extremely sick. The black mamba bites you.
* * * LOW HITPOINT WARNING * * *
You are lethally poisoned!
The black mamba poisons you!
The naga sharpshooter spits poison at you.
The splash of poison hits you but does no damage.
You are more poisoned.
The naga spits poison at you. The splash of poison hits you.
You are more poisoned.
* * * LOW HITPOINT WARNING * * *
The salamander wields a +0 shortbow of flaming.
It bursts into flame!
The salamander shoots an arrow.
The arrow hits you.
* * * LOW HITPOINT WARNING * * *
The arrow burns you.
* * * LOW HITPOINT WARNING * * *
The black mamba completely misses you.
You hear a shout!
You climb upwards.
Your summoned ally is left behind.
Your battlesphere wavers and loses cohesion.
You die...

............##
.....##......##
.###########..#
............#.##
##.........#.#.##
.....#####......####
...................#
..........##.....S.##
....####........@...#
....................##
....#................##
...#............##....##
...#...................##
.............#...=......##
..#......)............[..#
..#.........#รท...........##
.......).)[..[..#.........#


You could see a black mamba.

Vanquished Creatures
  3 orc warlords (Orc:2)
  A fire dragon (Lair:6)
  Fannar (D:10)
  Harold (D:10)
  An ice dragon (Lair:6)
  A boulder beetle (D:8)
  8 hydras
  A vault guard (D:10)
  A centaur warrior (D:9)
  3 anacondas (Snake:1)
  3 two-headed ogres
  2 naga warriors (Snake:1)
  8 death yaks
  3 orc high priests (Orc:2)
  3 naga sharpshooters
  Nergalle (Lair:4)
  A swamp dragon (Lair:6)
  2 lindwurms (Lair:6)
  A bog body (Lair:2)
  A mana viper (Snake:2)
  Pikel (D:6)
  An orc knight (Orc:1)
  4 orc sorcerers (Orc:2)
  2 cyclopes (D:11)
  3 ugly things
  10 elephants
  2 salamanders (Snake:1)
  8 black mambas
  4 naga magi
  6 torpor snails
  10 cane toads
  8 komodo dragons
  Maggie (D:8)
  A kobold demonologist (D:9)
  3 rime drakes
  2 burning bushes (Lair:1)
  A queen bee (Lair:2)
  6 trolls
  7 hornets (Lair:6)
  Grinder (D:3)
  3 tyrant leeches (Lair:6)
  2 polar bears
  3 slime creatures (D:7)
  15 blink frogs
  5 dream sheep (Lair:6)
  A jumping spider (D:8)
  6 spriggans (Bailey)
  A shadow (D:11)
  A vampire (D:11)
  6 wyverns
  Eustachio (D:6)
  10 basilisks
  3 wraiths
  59 yaks
  Grum (D:8)
  3 steam dragons
  2 redbacks (D:8)
  3 wargs
  13 nagas
  3 swamp worms (Lair:2)
  2 acid dragons
  14 water moccasins
  44 orc warriors
  An ice beast (D:7)
  4 black bears
  3 swamp drakes (Lair:6)
  18 wolves
  13 ogres
  A lemure (D:6)
  A centaur (D:11)
  2 kobold brigands
  13 bullfrogs
  A gnoll sergeant (D:11)
  2 necrophages
  15 wights
  36 killer bees
  2 howler monkeys
  2 electric eels
  3 hounds
  12 jellies
  Crazy Yiuf (D:6)
  27 orc priests
  2 gnoll shamans
  12 iguanas
  27 orc wizards
  A hell rat (Lair:2)
  20 gnolls
  6 river rats
  8 adders
  2 white imps
  A worm (D:3)
  5 dart slugs
  97 orcs
  11 ball pythons
  13 endoplasms
  4 giant cockroaches
  16 goblins
  4 hobgoblins
  4 jackals (D:3)
  14 kobolds
  7 quokkas
  7 bats
  2 frilled lizards
  5 rats
  A butterfly (Lair:1)
  A toadstool (D:7)
755 creatures vanquished.

Vanquished Creatures (collateral kills)
  A lindwurm (D:8)
  2 lava snakes (D:8)
3 creatures vanquished.

Vanquished Creatures (others)
  A gnoll (D:8)
  68 fulminant prisms
  44 fungi
  61 plants
  6 toadstools (D:7)
180 creatures vanquished.

Grand Total: 938 creatures vanquished

Notes
Turn   | Place    | Note
-------+----------+-------------------------------------------
     0 | D:1      | Querens the Deep Elf Conjurer began the quest for the Orb.
     0 | D:1      | Reached XP level 1. HP: 10/10 MP: 6/6
   253 | D:1      | Reached XP level 2. HP: 15/15 MP: 4/8
   468 | D:1      | Learned a level 2 spell: Searing Ray
   694 | D:2      | Reached skill level 4 in Spellcasting
   694 | D:2      | Reached skill level 5 in Conjurations
   694 | D:2      | Reached XP level 3. HP: 15/19 MP: 5/10
   832 | D:2      | Identified the +9 mace of Compulsion {vorpal, rN++ Will-
                  | Str-2 Int+10}
  1010 | D:3      | Reached XP level 4. HP: 22/24 MP: 9/12
  1026 | D:3      | Learned a level 4 spell: Iskenderun's Mystic Blast
  1031 | D:3      | Learned a level 4 spell: Fulminant Prism
  1061 | D:3      | Noticed Grinder
  1067 | D:3      | Paralysed by Grinder for 5 turns
  1081 | D:3      | Killed Grinder
  1082 | D:3      | Reached skill level 1 in Fighting
  1082 | D:3      | Reached skill level 5 in Spellcasting
  1082 | D:3      | Reached XP level 5. HP: 21/29 MP: 10/15
  1082 | D:3      | Reached XP level 6. HP: 24/34 MP: 10/16
  1120 | D:3      | Found a glowing drain.
  1142 | Sewer    | Entered a sewer
  1256 | Sewer    | Reached skill level 6 in Spellcasting
  1261 | Sewer    | Found a shimmering altar of Xom.
  1389 | D:3      | Found a sacrificial altar of Ru.
  1574 | D:3      | Reached XP level 7. HP: 31/40 MP: 13/18
  1644 | D:3      | Found a faded altar of an unknown god.
  2006 | D:4      | Noticed a two-headed ogre
  2217 | D:4      | Found a glowing silver altar of Zin.
  2374 | D:4      | Reached skill level 7 in Spellcasting
  2380 | D:4      | Found a basalt altar of Yredelemnul.
  2410 | D:5      | Entered Level 5 of the Dungeon
  2535 | D:5      | Reached XP level 8. HP: 46/46 MP: 12/20
  2908 | D:6      | Found an ancient bone altar of Kikubaaqudgha.
  3016 | D:6      | Reached skill level 5 in Translocations
  3021 | D:6      | Found a radiant altar of Vehumet.
  3038 | D:6      | Became a worshipper of Vehumet
  3078 | D:6      | Found a stormy altar of Qazlal.
  3120 | D:6      | Reached skill level 8 in Spellcasting
  3274 | D:6      | Noticed Eustachio
  3282 | D:6      | Killed Eustachio
  3300 | D:6      | Found a runed translucent door.
  3301 | D:6      | Noticed Crazy Yiuf
  3306 | D:6      | Killed Crazy Yiuf
  3334 | D:6      | Noticed Pikel
  3342 | D:6      | Killed Pikel
  3343 | D:6      | Reached XP level 9. HP: 52/52 MP: 12/23
  3589 | D:7      | Reached skill level 9 in Spellcasting
  3723 | D:7      | Reached * piety under Vehumet
  3723 | D:7      | Offered knowledge of Foxfire by Vehumet.
  3731 | D:7      | Reached skill level 5 in Fighting
  3855 | D:7      | Found a flagged portal.
  3867 | Bailey   | Entered a bailey
  3884 | Bailey   | Reached skill level 10 in Spellcasting
  3921 | Bailey   | Reached XP level 10. HP: 44/60 MP: 17/26
  4023 | Bailey   | Noticed a two-headed ogre
  4041 | Bailey   | Killed a two-headed ogre
  4164 | D:7      | Found a staircase to the Ecumenical Temple.
  4570 | D:8      | Reached skill level 11 in Spellcasting
  4570 | D:8      | Reached skill level 10 in Conjurations
  4590 | D:8      | Offered knowledge of Freeze by Vehumet.
  4602 | D:8      | Noticed Maggie
  4616 | D:8      | Killed Maggie
  4628 | D:8      | Reached ** piety under Vehumet
  4658 | D:8      | Noticed Grum
  4675 | D:8      | Killed Grum
  4693 | D:8      | Found a staircase to the Lair.
  4705 | D:8      | Found an opulent altar of Gozag.
  4871 | D:8      | Offered knowledge of Poisonous Vapours by Vehumet.
  5013 | D:8      | Found a runed translucent door.
  5047 | D:8      | Reached XP level 11. HP: 35/66 MP: 8/28
  5066 | D:8      | Found a runed translucent gate.
  5066 | D:8      | Found a runed translucent gate.
  5066 | D:8      | Found a runed translucent gate.
  5066 | D:8      | Found a runed translucent gate.
  5066 | D:8      | Found a runed translucent gate.
  5066 | D:8      | Found a runed translucent gate.
  5066 | D:8      | Noticed a boulder beetle
  5066 | D:8      | Noticed a lindwurm
  5116 | D:8      | Killed a boulder beetle
  5131 | D:8      | Killed a lindwurm
  5132 | D:8      | Reached skill level 12 in Spellcasting
  5209 | D:9      | Found a shimmering altar of Xom.
  5305 | D:9      | Noticed a six-headed hydra
  5306 | D:9      | Noticed a red ugly thing
  5306 | D:9      | Noticed a red ugly thing
  5306 | D:9      | Noticed a centaur warrior
  5316 | D:9      | Killed a six-headed hydra
  5331 | D:9      | Killed a red ugly thing
  5354 | D:9      | Killed a centaur warrior
  5357 | D:9      | Reached *** piety under Vehumet
  5369 | D:9      | Noticed an eight-headed hydra
  5379 | D:9      | Killed a red ugly thing
  5393 | D:9      | Killed an eight-headed hydra
  5394 | D:9      | Reached skill level 10 in Translocations
  5479 | D:9      | Noticed a two-headed ogre
  5489 | D:9      | Killed a two-headed ogre
  5490 | D:9      | Reached skill level 13 in Spellcasting
  5495 | D:9      | Noticed a two-headed ogre
  5507 | D:9      | Killed a two-headed ogre
  5585 | D:9      | Offered knowledge of Sticky Flame by Vehumet.
  5732 | D:10     | Entered Level 10 of the Dungeon
  5803 | D:10     | Noticed Harold
  5816 | D:10     | Killed Harold
  5946 | D:10     | Noticed Fannar
  5955 | D:10     | Killed Fannar
  5956 | D:10     | Reached XP level 12. HP: 73/73 MP: 23/31
  5972 | D:10     | Noticed a vault guard
  5986 | D:10     | Killed a vault guard
  6007 | D:10     | Found a portal to a secret trove of treasure.
  6204 | D:10     | Found an ornate altar of the Wu Jian Council.
  6423 | D:11     | Reached **** piety under Vehumet
  6435 | D:11     | Offered knowledge of Iskenderun's Battlesphere by Vehumet.
  6599 | D:11     | Learned a level 5 spell: Iskenderun's Battlesphere
  6724 | D:11     | Reached skill level 14 in Spellcasting
  6797 | D:11     | Found a staircase to the Orcish Mines.
  6965 | Orc:1    | Entered Level 1 of the Orcish Mines
  7057 | Orc:1    | Reached ***** piety under Vehumet
  7081 | Orc:1    | Offered knowledge of Fireball by Vehumet.
  7180 | Orc:1    | Found Qediod's General Store.
  7264 | Orc:2    | Entered Level 2 of the Orcish Mines
  7269 | Orc:2    | Noticed an orc high priest
  7274 | Orc:2    | Killed an orc high priest
  7375 | Orc:2    | Noticed an orc warlord
  7384 | Orc:2    | Killed an orc warlord
  7403 | Orc:2    | Learned a level 5 spell: Fireball
  7413 | Orc:2    | Found a staircase to the Elven Halls.
  7422 | Orc:2    | Noticed an orc high priest
  7426 | Orc:2    | Killed an orc high priest
  7429 | Orc:2    | Found Kattuosh's Weapon Shop.
  7536 | Orc:2    | Found a burning altar of Makhleb.
  7565 | Orc:2    | Reached skill level 1 in Fire Magic
  7570 | Orc:2    | Reached XP level 13. HP: 80/80 MP: 27/33
  7602 | Orc:2    | Found Ruoblea's Jewellery Shop.
  7671 | Orc:2    | Noticed an orc warlord
  7691 | Orc:2    | Killed an orc warlord
  7700 | Orc:2    | Reached skill level 15 in Spellcasting
  7748 | Orc:2    | Noticed an orc warlord
  7768 | Orc:2    | Killed an orc warlord
  7782 | Orc:2    | Paralysed by an orc sorcerer for 6 turns
  7798 | Orc:2    | Found Kuicvoti's Antique Armour Boutique.
  7802 | Orc:2    | Found Sacirith's Antique Weapon Shop.
  8066 | Orc:1    | Bought a +0 buckler for 67 gold pieces
  8066 | Orc:1    | Bought a scroll of teleportation for 45 gold pieces
  8066 | Orc:1    | Bought a scroll of fog for 30 gold pieces
  8196 | Lair:1   | Entered Level 1 of the Lair of Beasts
  8312 | Lair:1   | Reached skill level 1 in Shields
  8627 | Lair:1   | Offered knowledge of Flame Wave by Vehumet.
  8772 | Lair:2   | Reached skill level 10 in Fighting
  8776 | Lair:2   | Reached skill level 5 in Fire Magic
  8877 | Lair:2   | Reached skill level 16 in Spellcasting
  8909 | Lair:2   | Reached ****** piety under Vehumet
  8928 | Lair:2   | Reached XP level 14. HP: 87/88 MP: 13/36
  8997 | Lair:2   | Got the Almanac of Hexes
  9117 | Lair:2   | Identified the +7 long sword of Imminent Death {vorpal,
                  | rElec}
  9293 | Lair:2   | Found a staircase to the Swamp.
  9525 | Lair:3   | Found a staircase to the Snake Pit.
  9567 | Lair:3   | Offered knowledge of Eringya's Noxious Bog by Vehumet.
  9967 | Lair:4   | Noticed Nergalle
  9977 | Lair:4   | Killed Nergalle
 10628 | Lair:5   | Found a runed translucent door.
 10628 | Lair:5   | Found a viscous altar of Jiyva.
 10628 | Lair:5   | Found a staircase to the Slime Pits.
 10646 | Lair:6   | Entered Level 6 of the Lair of Beasts
 10754 | Lair:6   | Offered knowledge of Lee's Rapid Deconstruction by Vehumet.
 10768 | Lair:6   | Reached skill level 17 in Spellcasting
 10870 | Lair:6   | Reached skill level 15 in Conjurations
 10871 | Lair:6   | Reached skill level 5 in Shields
 10887 | Lair:6   | Identified the +7 flail of Fatigue {freeze, rF+ Str+3}
 11211 | Lair:6   | Reached XP level 15. HP: 94/94 MP: 33/38
 11294 | Lair:6   | Found a runed translucent door.
 11363 | Lair:6   | Offered knowledge of Lightning Bolt by Vehumet.
 11567 | Snake:1  | Entered Level 1 of the Snake Pit
 11908 | Snake:2  | Reached skill level 18 in Spellcasting
 11909 | Snake:1  | Succumbed to a naga's splash of poison

Illustrated notes

Levels and vault maps discovered:
D:1:      minmay_arrival_four_loops, layout_loops_corners
D:2:      layout_rooms
D:3:      layout_loops_ring, hangedman_ru_absence,
          dreamdust_ecumenical_altar_hidden_monk_grotto, portal_sewer_entry_c,
          uniq_grinder
D:4:      layout_cave_pods, mainiacjoe_overflow_tiny_flanked,
          minmay_ruined_shrine
D:5:      layout_loops_cross, corexii_checkpoint_a, hangedman_decor_opposing,
          serial_bayou_pond_d
D:6:      layout_gridville, nicolae_qazlal_general_emergency, vehumet_crystals,
          nicolae_overflow_hidden_temple, uniq_eustachio,
          uniq_crazy_yiuf_cottage, uniq_pikel
D:7:      cheibrodos_fertilizer, layout_basic, minmay_temple_entry_antechambers,
          enter_bailey_5
D:8:      gammafunk_indiana_jones, layout_basic,
          nicolae_gozag_cash_rules_everything_around_me,
          grunt_lair_entry_orc_guard_hut, uniq_maggie, uniq_grum
D:9:      minmay_the_grid_octo_2x2 [minmay_the_grid_octo_tetromino_candy,
          minmay_the_grid_octo_empty, minmay_the_grid_octo_empty,
          minmay_the_grid_octo_prize_big_c], layout_cave_pools,
          mainiacjoe_overflow_alcove_2, amcnicky_mini_pool_medium
D:10:     layout_gridville, mainiacjoe_overflow_six_doors_small, enter_trove_5,
          uniq_harold, uniq_fannar
D:11:     layout_roguey, orc_0_dummy
Lair:1:   layout_regular_city, evilmike_ambush [evilmike_ambush_outer_pillars,
          evilmike_ambush_inner_cross], lemuel_fruit_fields, grunt_megastairs_4,
          lemuel_fruit_tree, infiniplex_staircase_pool
Lair:2:   regret_index_bee_streams, layout_hall_layers,
          nicolae_swamp_entry_splash_gauntlet, guppyfry_lair_drakes
Lair:3:   layout_gridlike, guppyfry_snake_entry_garden
Lair:4:   layout_misc_corridors, serial_bayou_shore_b, uniq_nergalle
Lair:5:   layout_misc_corridors, slime_altar_2, serial_bayou_shore_b
Lair:6:   wormcave, layout_regular_city, guppyfry_lair_end_dragon
Snake:1:  layout_onion_interference
Snake:2:  layout_rooms, ebering_ghost_reflecting_pool, serial_shops, shop,
          nicolae_snake_scaly_snakehead
Orc:1:    layout_diamond_mine, serial_shops, shop, nicolae_orc_rockfall,
          nicolae_orc_lost_temple
Orc:2:    grunt_orc_community_town_hall, layout_diamond_mine,
          grunt_orc_community_big_house_2, grunt_orc_community_big_house_2,
          grunt_orc_community_house_3, grunt_orc_community_house_3,
          grunt_orc_community_house_1, grunt_orc_community_house_3,
          grunt_orc_community_house_2, grunt_orc_community_house_2, basic_altar

Skill      XL: |  1  2  3  4  5  6  7  8  9 10 11 12 13 14 15 |
---------------+----------------------------------------------+-----
Spellcasting   | 4 5 6 7 8 10 11 13 14 16 17 18 | 18.0
Conjurations   | 5 6 7 8 9 10 11 13 14 15 | 15.7
Fighting       | 1 2 3 4 5 6 8 9 10 11 | 11.5
Translocations | 2 3 4 5 7 9 10 11 12 | 12.0
Fire Magic     | 1 5 8 9 |  9.3
Shields        | 3 5 |  5.0
Dodging        | |  2.4
Stealth        | |  2.4

Action                   |  1- 3 |  4- 6 |  7- 9 | 10-12 | 13-15 || total
-------------------------+-------+-------+-------+-------+-------++-------
Melee: Mace              |       |     1 |    14 |    46 |    13 ||    74
 Cast: Magic Dart        |    47 |    24 |    46 |    42 |    82 ||   241
       Searing Ray       |     6 |    28 |    49 |    25 |    50 ||   158
       Iskenderun's Myst |       |       |    35 |   119 |   188 ||   342
       Fulminant Prism   |       |       |       |    42 |    26 ||    68
       Iskenderun's Batt |       |       |       |    11 |    64 ||    75
       Fireball          |       |       |       |       |    13 ||    13
Evoke: Wand              |       |       |     2 |       |       ||     2
  Use: Potion            |       |     2 |       |     7 |       ||     9
       Scroll            |       |       |     5 |     8 |    11 ||    24
 Stab: Sleeping          |       |       |       |       |     1 ||     1
Armor: Robe              |     1 |     5 |    12 |     1 |       ||    19
       Troll leather arm |       |       |       |    63 |    66 ||   129
Dodge: Dodged            |     5 |    13 |    19 |   114 |    70 ||   221
Block: Buckler           |       |       |       |       |    17 ||    17

Table legend: (Time is in decaauts)
 A = Elapsed time spent in this place.
 B = Non-inter-level travel time spent in this place.
 C = Inter-level travel time spent in this place.
 D = Time resting spent in this place.
 E = Time spent auto-exploring this place.
 F = Levels seen in this place.
 G = Mean time per level.
                   A        B        C        D        E       F      G
               +--------+--------+--------+--------+--------+-----+--------+
         Total |  12015 |  10731 |   1284 |     56 |      0 |  23 |  522.4 |
       Dungeon |   6649 |   5864 |    785 |      2 |      0 |  11 |  604.5 |
          Lair |   3496 |   3125 |    371 |     45 |      0 |   6 |  582.7 |
     Snake Pit |    269 |    240 |     29 |      9 |      0 |   2 |  134.5 |
  Orcish Mines |   1139 |   1041 |     98 |      0 |      0 |   2 |  569.5 |
         Sewer |    198 |    198 |      0 |      0 |      0 |   1 |  198.0 |
        Bailey |    262 |    262 |      0 |      0 |      0 |   1 |  262.0 |
               +--------+--------+--------+--------+--------+-----+--------+

Top non-repeatable levels by time:
  Lair:6: 911 daAuts
     D:8: 734 daAuts
   Orc:2: 698 daAuts
  Lair:2: 695 daAuts
     D:6: 676 daAuts
    D:10: 660 daAuts
     D:4: 658 daAuts
     D:7: 651 daAuts
     D:1: 640 daAuts
    D:11: 608 daAuts
     D:3: 608 daAuts
  Lair:3: 602 daAuts
     D:9: 587 daAuts
  Lair:1: 527 daAuts
     D:5: 496 daAuts
